 Dungeon Crawl Stone Soup version 0.24.0-41-g2ae2f7f1be (webtiles) character file.

Game seed: 758964816769941622, levelgen mode: deterministic

3714 Delamore the Severer (level 10, -3/77 HPs)
             Began as a Hill Orc Fighter on Dec 14, 2019.
             Was an Elder of the Shining One.
             Shot with a sling bullet by Joseph (9 damage)
             ... on level 9 of the Dungeon.
             The game lasted 00:06:50 (4973 turns).

Delamore the Severer (Hill Orc Fighter)             Turns: 4973, Time: 00:06:50

Health: -3/77      AC: 14    Str: 26    XL:     10   Next: 14%
Magic:  10/10      EV:  7    Int:  8    God:    the Shining One [****..]
Gold:   522        SH:  0    Dex: 10    Spells: 9/9 levels left

rFire    . . .     SeeInvis .   z - +3 battleaxe (venom)
rCold    . . .     Gourm    .   (shield currently unavailable)
rNeg     + + .     Faith    .   i - +0 plate armour
rPois    .         Spirit   .   (no helmet)
rElec    .         Reflect  .   (no cloak)
rCorr    .         Harm     .   N - +2 pair of gloves
MR       .....                  (no boots)
Stlth    ..........             (no amulet)
HPRegen  0.22/turn              o - ring of stealth
MPRegen  0.12/turn              D - +3 ring of strength

@: very slightly contaminated, glowing
A: no striking features
a: Divine Shield, Cleansing Flame, Renounce Religion


You were on level 9 of the Dungeon.
You worshipped the Shining One.
The Shining One was greatly pleased with you.
You were not hungry.

You visited 1 branch of the dungeon, and saw 8 of its levels.

You collected 522 gold pieces.

Inventory:

Hand Weapons
 a - a +0 war axe
 z - a +3 battleaxe of venom (weapon)
Missiles
 K - 3 throwing nets (quivered)
Armour
 i - a +0 plate armour (worn)
 N - a +2 pair of gloves (worn)
Jewellery
 o - a ring of stealth (left hand)
 D - a +3 ring of strength (right hand)
Wands
 c - a wand of iceblast (4)
 E - a wand of flame (26)
Scrolls
 b - a scroll of summoning {unknown}
 e - 4 scrolls of fear
 h - 4 scrolls of remove curse
 k - 4 scrolls of identify
 m - 3 scrolls of magic mapping
 t - a scroll of noise {unknown}
 u - 4 scrolls of enchant weapon
 y - a scroll of fog
 A - a scroll of amnesia
 B - a scroll of teleportation
 G - a scroll of immolation
 J - a scroll of enchant armour {unknown}
Potions
 d - 2 potions of might
 g - 2 potions of lignification {unknown}
 j - 7 potions of curing {unknown}
 l - 2 potions of heal wounds {unknown}
 n - a potion of mutation {unknown}
 p - 2 potions of brilliance {unknown}
 q - 3 potions of agility
 r - a potion of invisibility {unknown}
 v - a potion of cancellation {unknown}
 x - 2 potions of haste {unknown}
 H - a potion of degeneration {unknown}
 L - a potion of magic {unknown}
 M - a potion of flight {unknown}
Comestibles
 f - 9 rations
 I - 3 chunks of flesh


   Skills:
 - Level 3.6 Fighting
 + Level 17.2 Axes
 - Level 3.2 Armour
   Level 3.2 Shields


You had 9 spell levels left.
You didn't know any spells.
Your spell library contained the following spells:

 Spells                   Type           Power        Failure   Level  Hunger
 Animate Skeleton         Necr           N/A          99%         1    ##.....
 Apportation              Tloc           #.....       99%         1    ##.....
 Confusing Touch          Hex            #.....       99%         1    ##.....
 Magic Dart               Conj           #...         99%         1    ##.....
 Summon Small Mammal      Summ           #...         99%         1    ##.....
 Searing Ray              Conj           #.....       100%        2    ###....
 Dazzling Spray           Conj/Hex       #.....       100%        3    ####...
 Force Lance              Conj/Tloc      #.......     100%        4    #####..
 Fulminant Prism          Conj/Hex       #.........   100%        4    #####..
 Iskenderun's Mystic Bla  Conj           #.......     100%        4    #####..


Dungeon Overview and Level Annotations

Branches:
Dungeon (7/15)             Temple (0/1) D:5

Altars:
Ashenzari
Nemelex Xobeh
Qazlal
Trog
Vehumet
Xom
The Shining One

Shops:
D:6 %

Annotations:
D:9 3 runed translucent doors, Joseph


Message History

A scorpion comes into view.
Okay, then.
Unknown command.
The centaur zombie hits you but does no damage.
Found a stone staircase leading up.
Your surroundings suddenly seem different.
Joseph shoots a sling bullet.
The sling bullet hits you.
* * * LOW HITPOINT WARNING * * *
The sling bullet burns you.
* * * LOW HITPOINT WARNING * * *
A worker ant comes into view.
You see here a sling bullet.
The worker ant twitches its antennae in your direction.
Joseph shoots a sling bullet.
The sling bullet hits you.
* * * LOW HITPOINT WARNING * * *
The sling bullet burns you.
* * * LOW HITPOINT WARNING * * *
You see here a sling bullet.
Joseph shoots a sling bullet.
The sling bullet hits you!
You die...

...#. #.....#o.......
.....###.....#o.###.....
.........zsz@Y.## ..#
............#...##
..........a.....
.......... .. .....
#.....


You could see Joseph, a two-headed ogre, a scorpion and 3 wights.

Vanquished Creatures
  The ghost of hofbold the Skirmisher, a novice GrMo of Elyvilon (D:6)
  Grinder (D:5)
  A wyvern (D:9)
  Eustachio (D:5)
  A yak (D:9)
  Duvessa (D:7)
  2 phantoms (D:6)
  6 ogres
  3 centaurs
  6 bullfrogs
  A wyvern zombie (D:9)
  A scorpion (D:7)
  Dowan (D:7)
  3 wights (D:6)
  A howler monkey (D:5)
  A centaur zombie (D:9)
  3 crimson imps
  4 jellies
  4 orc priests
  6 hounds
  An iguana (D:6)
  6 orc wizards
  5 worker ants
  A killer bee zombie (D:7)
  6 adders
  A shadow imp (D:5)
  An adder zombie (D:6)
  4 worms
  An adder skeleton (D:4)
  A dart slug (D:1)
  4 leopard geckos
  24 orcs
  3 giant cockroaches
  7 goblins
  12 hobgoblins
  3 jackals (D:3)
  5 quokkas
  2 ball pythons
  7 bats
  4 frilled lizards
  A jackal zombie (D:5)
  4 kobolds
  A leopard gecko skeleton (D:4)
  A leopard gecko zombie (D:7)
  A quokka zombie (D:5)
  12 rats
166 creatures vanquished.

Notes
Turn   | Place    | Note
-------+----------+-------------------------------------------
     0 | D:1      | Delamore the Hill Orc Fighter began the quest for the Orb.
     0 | D:1      | Reached XP level 1. HP: 19/19 MP: 1/1
    44 | D:1      | Reached skill level 3 in Axes
   385 | D:1      | Reached XP level 2. HP: 26/26 MP: 2/2
   520 | D:1      | Reached skill level 4 in Axes
   869 | D:2      | Reached XP level 3. HP: 31/31 MP: 3/3
  1051 | D:2      | Found a faded altar of an unknown god.
  1338 | D:2      | Became a worshipper of the Shining One
  1338 | D:2      | Reached * piety under the Shining One
  1420 | D:3      | Noticed a bullfrog
  1430 | D:3      | Killed a bullfrog
  1430 | D:3      | Reached skill level 6 in Axes
  1430 | D:3      | Reached XP level 4. HP: 31/39 MP: 4/4
  1524 | D:3      | Reached XP level 5. HP: 42/45 MP: 5/5
  1660 | D:3      | Reached skill level 7 in Axes
  2013 | D:3      | Noticed a moth of wrath
  2015 | D:3      | Found a bloodstained altar of Trog.
  2281 | D:4      | Reached ** piety under the Shining One
  2286 | D:4      | Reached skill level 8 in Axes
  2295 | D:4      | Noticed an ogre
  2297 | D:4      | Reached XP level 6. HP: 49/51 MP: 6/6
  2356 | D:4      | Reached skill level 9 in Axes
  2629 | D:5      | Entered Level 5 of the Dungeon
  2664 | D:5      | Noticed Grinder
  2674 | D:5      | Killed Grinder
  2674 | D:5      | Reached skill level 10 in Axes
  2674 | D:5      | Reached XP level 7. HP: 57/57 MP: 7/7
  2866 | D:5      | Noticed Eustachio
  2867 | D:5      | Found a shimmering altar of Xom.
  2867 | D:5      | Found a radiant altar of Vehumet.
  2868 | D:5      | Found a stormy altar of Qazlal.
  2873 | D:5      | Killed Eustachio
  2873 | D:5      | Reached skill level 11 in Axes
  2909 | D:5      | Reached XP level 8. HP: 60/64 MP: 8/8
  2946 | D:5      | Found a staircase to the Ecumenical Temple.
  2989 | D:5      | Reached skill level 12 in Axes
  3666 | D:6      | Reached skill level 13 in Axes
  3748 | D:6      | Found Veuf's Food Emporium.
  3799 | D:6      | Reached *** piety under the Shining One
  3799 | D:6      | Reached skill level 14 in Axes
  3799 | D:6      | Reached XP level 9. HP: 64/70 MP: 9/9
  3808 | D:6      | Found a runed translucent gate.
  3808 | D:6      | Found a runed translucent gate.
  3811 | D:6      | Found a runed translucent gate.
  3811 | D:6      | Noticed hofbold's ghost (novice GrMo)
  3828 | D:6      | Killed hofbold's ghost
  4181 | D:6      | Found a shattered altar of Ashenzari.
  4216 | D:6      | Reached skill level 15 in Axes
  4670 | D:7      | Noticed Dowan
  4696 | D:7      | Killed Dowan
  4696 | D:7      | Reached skill level 16 in Axes
  4748 | D:7      | Found a sparkling altar of Nemelex Xobeh.
  4817 | D:7      | Noticed Duvessa
  4822 | D:7      | Killed Duvessa
  4918 | D:7      | Reached XP level 10. HP: 73/77 MP: 10/10
  4956 | D:7      | You fall into a shaft and drop 2 floors!
  4956 | D:9      | Found a runed translucent gate.
  4956 | D:9      | Found a runed translucent gate.
  4956 | D:9      | Noticed Joseph
  4958 | D:9      | Noticed a two-headed ogre
  4962 | D:9      | Reached skill level 17 in Axes
  4964 | D:9      | Found a runed translucent gate.
  4964 | D:9      | Reached **** piety under the Shining One
  4973 | D:9      | Shot with a sling bullet by Joseph

Levels and vault maps discovered:
D:1:      matt_arrival_diagonals, layout_basic, serial_bayou,
          serial_bayou_pond_a, serial_bayou_ford_a, serial_bayou_lagoon_a,
          serial_bayou_pond_d, serial_bayou_pond_e, serial_bayou_pond_b
D:2:      layout_basic, chequers_ecumenical_altar_grove, minmay_tiny_reverse_x
D:3:      layout_loops_ring, tgw_trog, first_ration, grunt_ministairs_10
D:4:      layout_cave_pools
D:5:      layout_basic, chequers_temple_overflow_statue_of_worship,
          minmay_temple_entry_sparse_star, serial_curves, eino_curves_04,
          eino_curves_03, columned_hall_lemuel, lightli_corner_chamber,
          uniq_grinder, uniq_eustachio
D:6:      layout_loops_ring, evilmike_ruin_ashenzari, ebering_ghost_rock_garden,
          serial_shops, nicolae_shop_statue_plus
D:7:      layout_rooms, nemelex_altar_shiori, uniq_duvessa
D:9:      layout_rooms, gammafunk_ghost_spectres, hangedman_ranch
          [blue_anna_fruit_fields], grunt_ministairs_1, uniq_joseph

Skill      XL: |  1  2  3  4  5  6  7  8  9 10 |
---------------+-------------------------------+-----
Axes           | 3 4 6 8 10 11 14 16 17 | 17.2
Fighting       | |  3.6
Armour         | |  3.2
Shields        | |  3.2

Action                   |  1- 3 |  4- 6 |  7- 9 | 10-12 || total
-------------------------+-------+-------+-------+-------++-------
Melee: War axe           |    85 |    77 |       |       ||   162
       Battleaxe         |       |    40 |   154 |     7 ||   201
  Use: Scroll            |       |       |     9 |     2 ||    11
  Eat: Chunk             |     1 |     5 |     7 |       ||    13
Armor: Plate armour      |    74 |    64 |    86 |    16 ||   240
       Scale mail        |     1 |       |       |       ||     1
Dodge: Dodged            |    10 |    19 |    42 |    14 ||    85
Block: Shield            |    33 |    35 |       |       ||    68
